Map: Void Thrashing

Players

NamroodTuo

  • Race: Zerg Zerg

Аргентум

  • Race: Protoss Protoss
  • Spawn Location: 9:00

VOD

Have the link to the VOD?

Description

Time

  • Played on: June 3, 2023, 7:37 a.m.
  • Length: 13:11
Show
View Real Time Build Order
Export as new Build Order

NamroodTuo Zerg 

Build Orders:  

Get SALT Encoding   

  6  0:00  Unknown x2  
  12  0:20  Infested Barracks  
  12  0:26  Infested SCV  
  13  0:34  Infested SCV  
  14  0:40  Infested SCV  
  15  0:57  Overlord  
  15  1:21  Infestation Level 1  
  15  1:25  Infested SCV  
  15  1:27  Infested SCV  
  17  1:33  Infested SCV  
  18  1:41  Infested Refinery  
  18  1:47  Infested SCV  
  19  1:57  Overlord  
  19  2:02  Infested SCV  
  20  2:13  Infested Refinery  
  20  2:21  Infested SCV  
  20  2:25  Infested SCV  
  22  2:36  Infested Engineering Bay  
  22  2:38  Infested Barracks Tech Lab  
  22  3:10  Infested Marine x3  
  22  3:11  Infested Marine x3  
  28  3:34  Infested Command Center  
  28  3:45  Overlord, Infested SCV  
  29  3:50  Infested SCV  
  30  4:01  Stukov Infantry Weapons Level 1  
  30  4:30  Infestation Level 2  
  24  5:20  Retinal Augmentation  
  24  5:26  Infested SCV  
  24  5:27  Infested SCV  
  24  5:28  Infested SCV x2  
  28  5:30  Infested SCV  
  29  5:46  Infested Command Center  
  29  6:17  Infested Bunker  
  33  6:30  Anaerobic Enhancement  
  33  6:32  Infested SCV x3  
  36  6:41  Stukov Infantry Armor Level 1  
  36  6:43  Infested SCV  
  36  6:44  Infested SCV  
  36  6:45  Infested SCV  
  39  7:29  Unknown  
  39  7:30  Broodling Gestation  
  43  7:40  Infested Bunker  
  43  7:43  Infested SCV  
  43  7:44  Infested SCV x2  
  43  7:45  Infested Factory  
  46  7:53  Infested SCV x3  
  46  7:54  Overlord, Infested SCV  
  50  8:39  Overlord x2  
  50  8:40  Overlord, Infested SCV  
  50  8:41  Infested SCV  
  50  8:45  Infested SCV x2  
  58  8:50  Infested Bunker  
  58  9:14  Plagued Munitions  
  58  9:15  Infested Armory  
  58  9:21  Regenerative Plating  
  58  10:06  Infested SCV  
  58  10:07  Overlord, Infested SCV x2  
  58  10:08  Infested SCV  
  62  10:15  Infested Refinery  
  66  10:21  Infested Bunker  
  70  10:39  Infested Bunker  
  74  11:10  Infested Bunker  
  74  11:20  Infested Barracks  
  74  11:39  Infested Bunker  
  82  11:40  Infested Bunker  
  86  11:53  Overseer x3  
  86  12:06  Infested Marine  
  86  12:07  Infested Marine x7  
  94  12:11  Overlord  
  94  12:12  Overlord x3  
  94  12:31  Overlord x2  
  94  12:32  Infested Bunker  
  94  12:50  Infested Marine x3  
  94  12:51  Infested Marine x4  
Show
View Real Time Build Order
Export as new Build Order

Аргентум Protoss 

Build Orders:  

Get SALT Encoding   

  12  0:02  Probe (Chrono Boost)  
  13  0:16  Probe (Chrono Boost)  
  14  0:30  Probe (Chrono Boost)  
  15  0:53  Probe (Chrono Boost)  
  16  1:07  Probe (Chrono Boost)  
  17  1:34  Serdath Legion  
  17  1:42  Probe (Chrono Boost)  
  18  1:52  Xel'Naga Passageway  
  18  1:56  Probe (Chrono Boost)  
  19  2:10  Probe (Chrono Boost)  
  20  2:24  Probe (Chrono Boost)  
  21  2:40  Probe (Chrono Boost)  
  22  2:55  Ancient Nexus  
  22  3:05  Core Forge  
  22  3:27  Probe (Chrono Boost)  
  23  3:41  Probe (Chrono Boost)  
  24  4:00  Void Shrine  
  24  4:31  Probe (Chrono Boost)  
  25  4:44  Serdath Legion  
  25  4:54  Probe x2 (Chrono Boost)  
  27  5:08  Probe x2 (Chrono Boost)  
  27  5:09  Void Templar  
  31  5:22  Probe x2 (Chrono Boost)  
  33  5:47  Probe x2 (Chrono Boost)  
  35  6:01  Probe x2 (Chrono Boost)  
  35  6:02  Void Templar  
  39  6:15  Probe (Chrono Boost)  
  40  6:54  Void Templar  
  42  7:11  Xel'Naga Passageway  
  42  7:17  Serdath Legion  
  57  7:55  Void Templar  
  59  8:15  Void Templar  
  46  9:36  Serdath Legion  
  66  10:10  Void Templar x2  
  68  10:31  Void Templar x2  
  69  10:52  Void Templar x2  
  73  11:13  Void Templar x2  
  77  11:34  Void Templar x2  
  69  11:56  Serdath Legion  
  84  12:43  Void Templar x2  
Tags
 
Commander
StukovZeratul
Matchup
Co-op
Replay Pack
Multiplayer
Add a new tag
Caveats
  • Supply blocks, unpowered buildings, or Contaminate may cause inaccurate times.
  • Supply counts are checked every 10 seconds.